Map: [ESL] Waterfall

Players

Dark - Winner!

  • Race: Zerg Zerg
  • Spawn Location: 7:00

Maru

  • Race: Terran Terran
  • Spawn Location: 1:00

Event: DreamHack SC2 Masters 2022 Valencia

VOD

https://youtu.be/agN1UuVLQCs

Description

Time

  • Played on: July 3, 2022, 2:28 p.m.
  • Length: 9:40

All games in this series

Show
View Real Time Build Order
Export as new Build Order

Dark Zerg - Winner!

Build Orders: Hatch First 

Get SALT Encoding   

  12  0:00  Drone  
  13  0:12  Overlord  
  13  0:17  Drone  
  14  0:31  Drone x2  
  16  0:48  Hatchery  
  15  0:51  Drone  
  15  0:54  Drone  
  17  1:00  Drone  
  18  1:08  Extractor  
  17  1:14  Spawning Pool  
  17  1:16  Drone  
  17  1:25  Drone  
  17  1:28  Drone  
  19  1:41  Drone  
  20  1:49  Drone  
  21  2:00  Queen  
  23  2:01  Queen  
  23  2:02  Zergling x4  
  27  2:10  Zergling x2  
  27  2:11  Overlord  
  28  2:25  Hatchery  
  26  2:30  Drone x2  
  28  2:37  Queen  
  28  2:38  Drone  
  28  2:41  Drone  
  28  2:43  Drone  
  33  2:47  Overlord  
  33  2:53  Metabolic Boost  
  33  2:58  Drone  
  34  3:00  Drone  
  34  3:05  Queen  
  35  3:07  Drone  
  35  3:09  Drone  
  35  3:11  Drone  
  40  3:13  Drone  
  40  3:17  Overlord  
  41  3:20  Drone  
  41  3:22  Drone  
  43  3:36  Drone  
  43  3:37  Drone x2  
  43  3:38  Overlord, Queen  
  48  3:42  Queen  
  48  3:47  Queen  
  52  3:50  Drone  
  52  3:54  Drone x3  
  56  3:57  Drone x2  
  56  4:01  Drone  
  56  4:02  Drone  
  60  4:06  Extractor  
  60  4:07  Drone  
  60  4:08  Evolution Chamber  
  60  4:09  Evolution Chamber  
  58  4:13  Drone x2  
  60  4:21  Drone x3  
  60  4:23  Drone x2  
  65  4:27  Overlord  
  65  4:30  Overlord  
  65  4:32  Overlord  
  65  4:34  Drone  
  65  4:35  Spore Crawler  
  65  4:38  Spore Crawler  
  65  4:39  Zerg Melee Weapons Level 1  
  64  4:47  Drone, Zergling x4  
  64  4:48  Drone x5  
  72  4:55  Spore Crawler, Zerg Ground Armor Level 1  
  72  4:59  Drone  
  75  5:00  Drone x4  
  75  5:03  Drone  
  75  5:06  Drone x4  
  80  5:07  Drone  
  80  5:13  Drone  
  82  5:15  Drone x2  
  82  5:16  Extractor x2  
  82  5:20  Overlord  
  81  5:21  Zergling x2  
  81  5:23  Lair  
  82  5:30  Zergling x2, Hatchery  
  82  5:31  Zergling x6  
  85  5:35  Baneling Nest  
  85  5:38  Zergling x2  
  85  5:39  Zergling x8  
  89  5:45  Zergling x12  
  95  5:52  Hatchery  
  95  5:55  Overlord x2  
  94  5:58  Overlord  
  94  6:01  Overlord  
  94  6:08  Overlord  
  94  6:11  Overlord  
  94  6:15  Zergling x2  
  94  6:16  Zergling x4  
  97  6:19  Zergling x12  
  103  6:27  Zergling x2  
  104  6:33  Zergling x16  
  104  6:36  Zerg Melee Weapons Level 2  
  104  6:38  Zergling x4  
  114  6:42  Centrifugal Hooks  
  114  6:43  Zergling x6  
  117  6:51  Zerg Ground Armor Level 2  
  117  6:52  Zergling x2  
  117  6:53  Zergling x4  
  108  6:57  Zergling x6  
  108  7:01  Drone x2  
  108  7:02  Drone x2  
  108  7:03  Burrow, Drone  
  110  7:08  Baneling x3  
  110  7:09  Baneling  
  110  7:15  Zergling x10  
  114  7:20  Baneling x2  
  114  7:21  Baneling x4  
  114  7:24  Overlord  
  114  7:26  Zergling x12  
  114  7:27  Infestation Pit, Zergling x2, Hatchery  
  114  7:28  Baneling x2  
  114  7:29  Baneling x2  
  119  7:32  Drone  
  119  7:34  Drone  
  121  7:41  Drone  
  121  7:42  Drone x5  
  127  7:44  Zergling x6  
  127  7:46  Baneling x2  
  130  7:51  Drone x2  
  130  7:54  Zergling x2  
  130  7:55  Zergling x14  
  140  7:59  Hatchery  
  140  8:00  Zergling x2  
  140  8:01  Zergling x2  
  140  8:02  Zergling x10  
  140  8:05  Drone  
  146  8:07  Hive  
  146  8:09  Drone x2  
  146  8:10  Overlord  
  148  8:13  Overlord  
  148  8:16  Zergling x2  
  148  8:19  Overlord  
  149  8:20  Baneling x3  
  149  8:24  Overlord  
  149  8:27  Hatchery  
  148  8:30  Zergling x6  
  148  8:32  Zergling x8  
  148  8:33  Zergling x14  
  148  8:34  Baneling x2  
  161  8:36  Zergling x2  
  161  8:37  Zergling x2  
  164  8:41  Drone  
  164  8:42  Drone  
  164  8:45  Zergling x6  
  168  8:48  Zergling x2  
  168  8:49  Zergling x2  
  168  8:50  Zergling x6  
  168  8:54  Baneling x10  
  168  8:55  Baneling x4  
  172  8:58  Zergling x10  
  172  8:59  Zergling x2, Baneling x6  
  172  9:00  Zergling x4  
  180  9:03  Baneling x2  
  179  9:14  Zergling x2  
  179  9:15  Zergling x12  
  179  9:16  Zergling x6  
  184  9:22  Zergling x24  
  184  9:23  Zergling x4  
Show
View Real Time Build Order
Export as new Build Order

Maru Terran 

Build Orders: Reaper Expand 

Get SALT Encoding   

  12  0:00  SCV  
  13  0:12  SCV  
  14  0:16  Supply Depot  
  14  0:24  SCV  
  15  0:38  SCV  
  15  0:39  Barracks  
  16  0:43  Refinery  
  16  0:50  SCV  
  17  1:02  SCV  
  18  1:14  SCV  
  19  1:26  Orbital Command, Reaper  
  20  1:39  Command Center  
  20  1:49  Supply Depot  
  20  1:52  SCV  
  21  1:58  Marine  
  22  2:04  SCV  
  22  2:08  Factory  
  23  2:16  SCV  
  23  2:20  Barracks Reactor  
  24  2:28  SCV  
  24  2:40  SCV  
  24  2:43  Command Center  
  25  2:51  Hellion  
  25  2:53  SCV  
  25  2:56  Orbital Command  
  28  3:05  SCV  
  28  3:09  Barracks  
  29  3:15  Barracks Tech Lab  
  29  3:17  SCV  
  32  3:20  Hellion x2  
  32  3:23  SCV  
  35  3:30  SCV  
  36  3:34  Marine, Stimpack  
  36  3:36  SCV  
  36  3:39  Refinery  
  38  3:42  SCV  
  38  3:45  Refinery  
  38  3:48  SCV  
  40  3:52  Marine  
  40  3:54  SCV  
  42  3:56  Orbital Command  
  42  3:57  Starport  
  42  4:02  SCV  
  43  4:03  Marine  
  43  4:04  Marine  
  43  4:05  Factory Reactor  
  43  4:06  SCV  
  46  4:10  Marine  
  46  4:11  Supply Depot  
  46  4:15  SCV  
  48  4:18  SCV  
  48  4:21  SCV  
  48  4:22  Marine x2  
  52  4:27  SCV  
  52  4:28  Marine  
  54  4:34  Supply Depot  
  54  4:38  SCV  
  55  4:39  Orbital Command  
  55  4:40  SCV, Marine x2  
  58  4:45  Marine  
  58  4:46  Engineering Bay, Medivac x2  
  58  4:47  Engineering Bay  
  58  4:50  SCV  
  58  4:52  SCV  
  65  4:53  Factory Tech Lab  
  65  4:58  Marine, Supply Depot  
  66  5:01  Marine  
  66  5:02  SCV  
  66  5:03  Marine  
  66  5:04  SCV  
  66  5:06  SCV  
  71  5:10  Refinery  
  71  5:14  SCV, Terran Infantry Armor Level 1, Terran Infantry Weapons Level 1  
  71  5:16  Combat Shield, Marine  
  73  5:21  Barracks  
  73  5:23  SCV x2, Supply Depot  
  73  5:25  Marine x2  
  73  5:27  Starport Reactor  
  77  5:29  SCV  
  77  5:32  Supply Depot  
  77  5:34  Marine  
  77  5:35  SCV, Siege Tank  
  82  5:36  SCV  
  82  5:42  SCV  
  85  5:46  Marine x2  
  85  5:48  SCV x2  
  89  5:51  Supply Depot  
  89  5:52  Marine  
  89  5:54  SCV  
  91  6:00  SCV x2  
  93  6:06  SCV, Marine x2  
  93  6:07  Supply Depot, Medivac x2  
  100  6:12  SCV x2, Marine x3  
  100  6:16  Barracks  
  105  6:21  Barracks, SCV  
  105  6:24  SCV, Marine x2  
  109  6:28  Supply Depot  
  109  6:29  Supply Depot  
  109  6:32  Marine x2  
  111  6:34  SCV  
  111  6:36  Armory  
  111  6:38  Medivac  
  114  6:42  Siege Tank  
  117  6:49  Orbital Command, Marine x3  
  117  6:50  Marine  
  108  6:55  Marine  
  108  6:56  SCV x2  
  95  7:07  Marine x3  
  95  7:08  Barracks Reactor, SCV x2, Marine  
  99  7:10  Barracks Reactor  
  99  7:12  Marine  
  99  7:14  Siege Tank  
  99  7:15  SCV  
  104  7:20  SCV x2, Supply Depot x2  
  106  7:30  Medivac  
  106  7:32  SCV  
  106  7:35  Supply Depot  
  109  7:41  Medivac, Marine  
  109  7:42  SCV x2  
  114  7:44  SCV  
  114  7:46  Siege Tank  
  114  7:51  Marine x3  
  119  7:53  Supply Depot  
  119  7:54  SCV  
  119  7:56  SCV x2  
  119  7:57  Marine x2  
  119  7:58  Supply Depot  
  125  8:00  Medivac  
  126  8:06  SCV  
  126  8:08  SCV  
  126  8:09  Refinery  
  126  8:10  Command Center  
  128  8:15  Marine  
  128  8:18  SCV x2  
  128  8:19  Refinery, Marine x2  
  133  8:20  SCV  
  133  8:21  Marine  
  133  8:25  Marine x3  
  138  8:30  SCV  
  138  8:34  Marine x3  
  138  8:36  Sensor Tower  
  138  8:37  Marine  
  138  8:41  Medivac x2  
  144  8:42  Factory  
  144  8:48  Marine x2  
  147  8:49  SCV  
  147  8:56  Barracks  
  147  8:57  Barracks  
  147  8:58  Barracks  
  147  9:03  Marine x2  
  147  9:08  Marine  
  149  9:11  Marine x2  
  149  9:19  Marine x4  
  149  9:21  SCV x2, Marine x2  

Tags
 
Add a new tag
Caveats
  • Supply blocks, unpowered buildings, or Contaminate may cause inaccurate times.
  • Supply counts are checked every 10 seconds.